Workbook

Sheet Bases
B2: PROYECTO:
B3: SEM LOGÍSTICA INTEGRAL
B4: Evaluación Financiera y Económica
B5: ($000)
B8: 1. SUPUESTOS DE INVERSIÓN
D9: PERIODO PREOPERATIVO
B11: Terrenos | D11: 0
B12: Edificios | D12: 0
B13: Maquinaria y Equipos | D13: 150000
B14: Muebles y Enseres | D14: 150000
B15: Otros | D15: 375000
B16: Gastos Preoperativos | D16: 125000
B18: 2. SUPUESTOS DE FINANCIACIÓN
B19: FINANCIACION LARGO PLAZO
C20: Estructura Financiera Inicial
B21: 2.1. | C21: Capital | F21: 1
B23: 2.2. | C23: Créditos de largo plazo | F23: =1-F21 -> 0
C25: Interés Crédito de Largo Plazo | F25: 0.3139 | G25: Anual
C27: Plazo : | F27: 5 | G27: años
C29: Período de Gracia | F29: 1 | G29: año(s)
B31: FINANCIACION CORTO PLAZO
C33: Interés Crédito de Corto Plazo | F33: 0.3139 | G33: Anual
B36: 3. NECESIDAD OPERATIVA DE FONDOS
C38: Activos Circulantes
B39: 4.1. | C39: Caja Mínima Requerida | G39: 30 | H39: Dias de Costos y gastos desembolsables
G40: =+G39/360 -> 0.083333333
B42: 4.2. | C42: Cuentas por Cobrar | G42: 45 | H42: Dias de Venta
G43: =+G42/360 -> 0.125
B44: 4.3. | C44: Inventarios | G44: 0 | H44: Dias de Venta
G45: =+G44/360 -> 0
C46: Pasivos Operativos
B47: 4.4. | C47: Costos y Gastos por Pagar | G47: 0.0833 | H47: Del Consumo operación
B49: 4.INFLACION Y CRECIMIENTO ECONÓMICO
E51: Año 1 | F51: Año 2 | G51: Año 3 | H51: Año 4 | I51: Año 5 | J51: Año 6 | K51: Año 7 | L51: Año 8 | M51: Año 9 | N51: Año 10 | O51: Año 11 | P51: Año 12 | Q51: Año 13 | R51: Año 14 | S51: Año 15 | T51: Año 16 | U51: Año 17 | V51: Año 18 | W51: Año 19 | X51: Año 20
C53: IPC | E53: 0.12 | F53: 0.07 | G53: 0.044 | H53: 0.038 | I53: 0.034 | J53: 0.03 | K53: 0.03 | L53: 0.03 | M53: 0.03 | N53: 0.03 | O53: 0.03 | P53: 0.03 | Q53: 0.03 | R53: 0.03 | S53: 0.03 | T53: 0.03 | U53: 0.03 | V53: 0.03 | W53: 0.03 | X53: 0.03
C54: PIB | E54: 0.016 | F54: 0.025 | G54: 0.028 | H54: 0.028 | I54: 0.03 | J54: 0.032 | K54: 0.032 | L54: 0.032 | M54: 0.032 | N54: 0.032 | O54: 0.032 | P54: 0.032 | Q54: 0.032 | R54: 0.032 | S54: 0.032 | T54: 0.032 | U54: 0.032 | V54: 0.032 | W54: 0.032 | X54: 0.032
B59: 5. INGRESOS OPERACIONALES
E61: Año 1 | F61: Año 2 | G61: Año 3 | H61: Año 4 | I61: Año 5 | J61: Año 6 | K61: Año 7 | L61: Año 8 | M61: Año 9 | N61: Año 10 | O61: Año 11 | P61: Año 12 | Q61: Año 13 | R61: Año 14 | S61: Año 15 | T61: Año 16 | U61: Año 17 | V61: Año 18 | W61: Año 19 | X61: Año 20
B63: Ingresos Operacionales | E63: 8730953 | F63: =+E63*(1+E$53)*(1+E$54) -> 9935126 | G63: =+F63*(1+F$53)*(1+F$54) -> 10896349 | H63: =+G63*(1+G$53)*(1+G$54) -> 11694311 | I63: =+H63*(1+H$53)*(1+H$54) -> 12478578 | J63: =+I63*(1+I$53)*(1+I$54) -> 13289935 | K63: =+J63*(1+J$53)*(1+J$54) -> 14126670 | L63: =+K63*(1+K$53)*(1+K$54) -> 15016085 | M63: =+L63*(1+L$53)*(1+L$54) -> 15961498 | ... X63: =+W63*(1+W$53)*(1+W$54) -> 31243507
B66: 6. COSTOS Y GASTOS OPERACIONALES
B68: Costos | E68: Año 1 | F68: Año 2 | G68: Año 3 | H68: Año 4 | I68: Año 5 | J68: Año 6 | K68: Año 7 | L68: Año 8 | M68: Año 9 | N68: Año 10 | O68: Año 11 | P68: Año 12 | Q68: Año 13 | R68: Año 14 | S68: Año 15 | T68: Año 16 | U68: Año 17 | V68: Año 18 | W68: Año 19 | X68: Año 20
C70: Costos operacionales | D70: 0.85 | E70: =+$D70*E$63 -> 7421310 | F70: =+$D70*F$63 -> 8444857.1 | G70: =+$D70*G$63 -> 9261897.1 | H70: =+$D70*H$63 -> 9940164.3 | I70: =+$D70*I$63 -> 10606791 | J70: =+$D70*J$63 -> 11296445 | K70: =+$D70*K$63 -> 12007669 | L70: =+$D70*L$63 -> 12763672 | ... X70: =+$D70*X$63 -> 26556981
D71: 0 | E71: =+$D71*E$63 -> 0 | F71: =+$D71*F$63 -> 0 | G71: =+$D71*G$63 -> 0 | H71: =+$D71*H$63 -> 0 | I71: =+$D71*I$63 -> 0 | J71: =+$D71*J$63 -> 0 | K71: =+$D71*K$63 -> 0 | L71: =+$D71*L$63 -> 0 | ... X71: =+$D71*X$63 -> 0
D72: 0 | E72: =+$D72*E$63 -> 0 | F72: =+$D72*F$63 -> 0 | G72: =+$D72*G$63 -> 0 | H72: =+$D72*H$63 -> 0 | I72: =+$D72*I$63 -> 0 | J72: =+$D72*J$63 -> 0 | K72: =+$D72*K$63 -> 0 | L72: =+$D72*L$63 -> 0 | ... X72: =+$D72*X$63 -> 0
E73: 0 | F73: 0 | G73: 0 | H73: 0 | I73: 0 | J73: 0 | K73: 0 | L73: 0 | M73: 0 | N73: 0 | O73: =+$G$101*Proyecciones!N$96+$G$102*Proyecciones!N$101+Bases!$G$103*Proyecciones!N$106+Bases!$G$104*Proyecciones!N$111 -> 0 | P73: =+$G$101*Proyecciones!O$96+$G$102*Proyecciones!O$101+Bases!$G$103*Proyecciones!O$106+Bases!$G$104*Proyecciones!O$111 -> 0 | Q73: =+$G$101*Proyecciones!P$96+$G$102*Proyecciones!P$101+Bases!$G$103*Proyecciones!P$106+Bases!$G$104*Proyecciones!P$111 -> 0 | R73: =+$G$101*Proyecciones!Q$96+$G$102*Proyecciones!Q$101+Bases!$G$103*Proyecciones!Q$106+Bases!$G$104*Proyecciones!Q$111 -> 0 | S73: =+$G$101*Proyecciones!R$96+$G$102*Proyecciones!R$101+Bases!$G$103*Proyecciones!R$106+Bases!$G$104*Proyecciones!R$111 -> 0 | T73: =+$G$101*Proyecciones!S$96+$G$102*Proyecciones!S$101+Bases!$G$103*Proyecciones!S$106+Bases!$G$104*Proyecciones!S$111 -> 0 | U73: =+$G$101*Proyecciones!T$96+$G$102*Proyecciones!T$101+Bases!$G$103*Proyecciones!T$106+Bases!$G$104*Proyecciones!T$111 -> 0 | V73: =+$G$101*Proyecciones!U$96+$G$102*Proyecciones!U$101+Bases!$G$103*Proyecciones!U$106+Bases!$G$104*Proyecciones!U$111 -> 0 | ... X73: =+$G$101*Proyecciones!W$96+$G$102*Proyecciones!W$101+Bases!$G$103*Proyecciones!W$106+Bases!$G$104*Proyecciones!W$111 -> 0
B75: Total Costos Operacionales | E75: =SUM(E70:E73) -> 7421310 | F75: =SUM(F70:F73) -> 8444857.1 | G75: =SUM(G70:G73) -> 9261897.1 | H75: =SUM(H70:H73) -> 9940164.3 | I75: =SUM(I70:I73) -> 10606791 | J75: =SUM(J70:J73) -> 11296445 | K75: =SUM(K70:K73) -> 12007669 | L75: =SUM(L70:L73) -> 12763672 | ... X75: =SUM(X70:X73) -> 26556981
B78: Gastos Operacionales
C80: Personal | D80: 0.058909223 | E80: =+$D80*E$63 -> 514333.66 | F80: =+$D80*F$63 -> 585270.56 | G80: =+$D80*G$63 -> 641895.49 | H80: =+$D80*H$63 -> 688902.78 | I80: =+$D80*I$63 -> 735103.35 | J80: =+$D80*J$63 -> 782899.77 | K80: =+$D80*K$63 -> 832191.14 | L80: =+$D80*L$63 -> 884585.89 | ... X80: =+$D80*X$63 -> 1840530.7
C81: Honorarios | D81: 0.0064645361 | E81: =+$D81*E$63 -> 56441.561 | F81: =+$D81*F$63 -> 64225.981 | G81: =+$D81*G$63 -> 70439.845 | H81: =+$D81*H$63 -> 75598.295 | I81: =+$D81*I$63 -> 80668.219 | J81: =+$D81*J$63 -> 85913.267 | K81: =+$D81*K$63 -> 91322.366 | L81: =+$D81*L$63 -> 97072.022 | ... X81: =+$D81*X$63 -> 201974.78
C82: Utiles y papeleria | D82: 0.013566421 | E82: =+$D82*E$63 -> 118447.78 | F82: =+$D82*F$63 -> 134784.1 | G82: =+$D82*G$63 -> 147824.46 | H82: =+$D82*H$63 -> 158649.94 | I82: =+$D82*I$63 -> 169289.64 | J82: =+$D82*J$63 -> 180296.86 | K82: =+$D82*K$63 -> 191648.35 | L82: =+$D82*L$63 -> 203714.53 | ... X82: =+$D82*X$63 -> 423862.56
C83: Diversos Admon | D83: 0.015 | E83: =+$D83*E$63 -> 130964.29 | F83: =+$D83*F$63 -> 149026.89 | G83: =+$D83*G$63 -> 163445.24 | H83: =+$D83*H$63 -> 175414.66 | I83: =+$D83*I$63 -> 187178.67 | J83: =+$D83*J$63 -> 199349.03 | K83: =+$D83*K$63 -> 211900.05 | L83: =+$D83*L$63 -> 225241.27 | ... X83: =+$D83*X$63 -> 468652.61
C84: Diversos Ventas | D84: 0.01 | E84: =+$D84*E$63 -> 87309.53 | F84: =+$D84*F$63 -> 99351.26 | G84: =+$D84*G$63 -> 108963.49 | H84: =+$D84*H$63 -> 116943.11 | I84: =+$D84*I$63 -> 124785.78 | J84: =+$D84*J$63 -> 132899.35 | K84: =+$D84*K$63 -> 141266.7 | L84: =+$D84*L$63 -> 150160.85 | ... X84: =+$D84*X$63 -> 312435.07
C85: Depreciacion | E85: =+$F$101*Proyecciones!D$96+$F$102*Proyecciones!D$101+Bases!$F$103*Proyecciones!D$106+Bases!$F$104*Proyecciones!D$111 -> 0 | F85: =+$F$101*Proyecciones!E$96+$F$102*Proyecciones!E$101+Bases!$F$103*Proyecciones!E$106+Bases!$F$104*Proyecciones!E$111 -> 0 | G85: =+$F$101*Proyecciones!F$96+$F$102*Proyecciones!F$101+Bases!$F$103*Proyecciones!F$106+Bases!$F$104*Proyecciones!F$111 -> 0 | H85: =+$F$101*Proyecciones!G$96+$F$102*Proyecciones!G$101+Bases!$F$103*Proyecciones!G$106+Bases!$F$104*Proyecciones!G$111 -> 0 | I85: =+$F$101*Proyecciones!H$96+$F$102*Proyecciones!H$101+Bases!$F$103*Proyecciones!H$106+Bases!$F$104*Proyecciones!H$111 -> 0 | J85: =+$F$101*Proyecciones!I$96+$F$102*Proyecciones!I$101+Bases!$F$103*Proyecciones!I$106+Bases!$F$104*Proyecciones!I$111 -> 0 | K85: =+$F$101*Proyecciones!J$96+$F$102*Proyecciones!J$101+Bases!$F$103*Proyecciones!J$106+Bases!$F$104*Proyecciones!J$111 -> 0 | L85: =+$F$101*Proyecciones!K$96+$F$102*Proyecciones!K$101+Bases!$F$103*Proyecciones!K$106+Bases!$F$104*Proyecciones!K$111 -> 0 | ... X85: =+$F$101*Proyecciones!W$96+$F$102*Proyecciones!W$101+Bases!$F$103*Proyecciones!W$106+Bases!$F$104*Proyecciones!W$111 -> 0
B87: Total Gastos Operacionales | E87: =SUM(E80:E85) -> 907496.83 | F87: =SUM(F80:F85) -> 1032658.8 | G87: =SUM(G80:G85) -> 1132568.5 | H87: =SUM(H80:H85) -> 1215508.8 | I87: =SUM(I80:I85) -> 1297025.7 | J87: =SUM(J80:J85) -> 1381358.3 | K87: =SUM(K80:K85) -> 1468328.6 | L87: =SUM(L80:L85) -> 1560774.6 | ... X87: =SUM(X80:X85) -> 3247455.8
B91: 7. SUPUESTOS OPERACIONALES
B92: 4.3 Depreciación de Activos Fijos | F92: Vida Útil
F93: (años)
C95: Edificios | F95: 20
C96: Maquinaria y Equipos | F96: 10
C97: Muebles y Enseres | F97: 10
C98: Vehículos | F98: 5
B100: 4,4 Distribución de Depreciación | F100: Costos | G100: Gastos
C101: Edificios | F101: 0 | G101: =1-F101 -> 1
C102: Maquinaria y Equipos | F102: 0 | G102: =1-F102 -> 1
C103: Muebles y Enseres | F103: 0 | G103: =1-F103 -> 1
C104: Vehículos | F104: 0 | G104: =1-F104 -> 1
B106: 4.5 Período de Amortización Inversión Diferida : | G106: 5 | H106: años
B108: 4.6 Tasa de Impuesto a la Renta | G108: 0.35
G109: .
B110: 8. COSTO DE OPORTUNIDAD DEL INVERSIONISTA
E111: Costo después
E112: de Impuestos
E113: 0.25
B114: 9. POLITICA DE DISTRIBUCION DE UTILIDADES
C116: Porcentaje de distribución utilidades año anterior | G116: 0.1

Sheet Proyecciones
B3: I. Plan de Inversion
D4: Inversion
D5: Total
B7: Inversión Fija
C8: Terrenos | D8: =+Bases!D11 -> 0
C9: Edificios | D9: =+Bases!D12 -> 0
C10: Maquinaria y Equipos | D10: =+Bases!D13 -> 150000
C11: Muebles y Enseres | D11: 150000
C12: Otros | D12: =+Bases!D15 -> 375000
B14: Total Inversión Fija | D14: =SUM(D8:D12) -> 675000
B16: Inversión Diferida
C17: Gastos Preoperativos | D17: =+Bases!D16 -> 125000
B19: Total Inversión Diferida | D19: =SUM(D16:D17) -> 125000
B21: Inversión Circulante
C22: Cuentas por Cobrar | D22: =+D139 -> 1091369.1
C23: Inventarios | D23: =+D140 -> 0
B25: Total Inversión Circulante | D25: =SUM(D22:D22) -> 1091369.1
B27: TOTAL INVERSIONES | D27: =D14+D19+D25 -> 1891369.1
B30: II. Plan de Financiación
D31: TOTAL
B34: =1-B36 -> 1 | C34: Capital | D34: =+B34*D27 -> 1891369.1
B36: =+Bases!F23 -> 0 | C36: Crédito | D36: =+B36*D27 -> 0
C38: Total | D38: =D34+D36 -> 1891369.1
B42: III. Ingresos Operacionales
D44: Año 1 | E44: Año 2 | F44: Año 3 | G44: Año 4 | H44: Año 5 | I44: Año 6 | J44: Año 7 | K44: Año 8 | L44: Año 9 | M44: Año 10 | N44: Año 11 | O44: Año 12 | P44: Año 13 | Q44: Año 14 | R44: Año 15 | S44: Año 16 | T44: Año 17 | U44: Año 18 | V44: Año 19 | W44: Año 20
C47: Ingresos operacionales ($000) | D47: =+Bases!E63 -> 8730953 | E47: =+Bases!F63 -> 9935126 | F47: =+Bases!G63 -> 10896349 | G47: =+Bases!H63 -> 11694311 | H47: =+Bases!I63 -> 12478578 | I47: =+Bases!J63 -> 13289935 | J47: =+Bases!K63 -> 14126670 | K47: =+Bases!L63 -> 15016085 | ... W47: =+Bases!X63 -> 31243507
B51: IV. Costos Operacionales
D53: Año 1 | E53: Año 2 | F53: Año 3 | G53: Año 4 | H53: Año 5 | I53: Año 6 | J53: Año 7 | K53: Año 8 | L53: Año 9 | M53: Año 10 | N53: Año 11 | O53: Año 12 | P53: Año 13 | Q53: Año 14 | R53: Año 15 | S53: Año 16 | T53: Año 17 | U53: Año 18 | V53: Año 19 | W53: Año 20
C56: =+Bases!C70 -> Costos operacionales | D56: =+Bases!E70 -> 7421310 | E56: =+Bases!F70 -> 8444857.1 | F56: =+Bases!G70 -> 9261897.1 | G56: =+Bases!H70 -> 9940164.3 | H56: =+Bases!I70 -> 10606791 | I56: =+Bases!J70 -> 11296445 | J56: =+Bases!K70 -> 12007669 | K56: =+Bases!L70 -> 12763672 | ... W56: =+Bases!X70 -> 26556981
C58: =+Bases!C71 -> 0 | D58: =+Bases!E71 -> 0 | E58: =+Bases!F71 -> 0 | F58: =+Bases!G71 -> 0 | G58: =+Bases!H71 -> 0 | H58: =+Bases!I71 -> 0 | I58: =+Bases!J71 -> 0 | J58: =+Bases!K71 -> 0 | K58: =+Bases!L71 -> 0 | ... W58: =+Bases!X71 -> 0
C60: =+Bases!C72 -> 0 | D60: =+Bases!E72 -> 0 | E60: =+Bases!F72 -> 0 | F60: =+Bases!G72 -> 0 | G60: =+Bases!H72 -> 0 | H60: =+Bases!I72 -> 0 | I60: =+Bases!J72 -> 0 | J60: =+Bases!K72 -> 0 | K60: =+Bases!L72 -> 0 | ... W60: =+Bases!X72 -> 0
C62: =+Bases!C73 -> 0 | D62: =+Bases!E73 -> 0 | E62: =+Bases!F73 -> 0 | F62: =+Bases!G73 -> 0 | G62: =+Bases!H73 -> 0 | H62: =+Bases!I73 -> 0 | I62: =+Bases!J73 -> 0 | J62: =+Bases!K73 -> 0 | K62: =+Bases!L73 -> 0 | ... W62: =+Bases!X73 -> 0
C64: Total Costos Operacionales ($000) | D64: =SUM(D56:D63) -> 7421310 | E64: =SUM(E56:E63) -> 8444857.1 | F64: =SUM(F56:F63) -> 9261897.1 | G64: =SUM(G56:G63) -> 9940164.3 | H64: =SUM(H56:H63) -> 10606791 | I64: =SUM(I56:I63) -> 11296445 | J64: =SUM(J56:J63) -> 12007669 | K64: =SUM(K56:K63) -> 12763672 | ... W64: =SUM(W56:W63) -> 26556981
B67: V. Gastos Operacionales
D70: Año 1 | E70: Año 2 | F70: Año 3 | G70: Año 4 | H70: Año 5 | I70: Año 6 | J70: Año 7 | K70: Año 8 | L70: Año 9 | M70: Año 10 | N70: Año 11 | O70: Año 12 | P70: Año 13 | Q70: Año 14 | R70: Año 15 | S70: Año 16 | T70: Año 17 | U70: Año 18 | V70: Año 19 | W70: Año 20
C73: =+Bases!C80 -> Personal | D73: =+Bases!E80 -> 514333.66 | E73: =+Bases!F80 -> 585270.56 | F73: =+Bases!G80 -> 641895.49 | G73: =+Bases!H80 -> 688902.78 | H73: =+Bases!I80 -> 735103.35 | I73: =+Bases!J80 -> 782899.77 | J73: =+Bases!K80 -> 832191.14 | K73: =+Bases!L80 -> 884585.89 | ... W73: =+Bases!X80 -> 1840530.7
C75: Honorarios | D75: =Bases!E81 -> 56441.561 | E75: =Bases!F81 -> 64225.981 | F75: =Bases!G81 -> 70439.845 | G75: =Bases!H81 -> 75598.295 | H75: =Bases!I81 -> 80668.219 | I75: =Bases!J81 -> 85913.267 | J75: =Bases!K81 -> 91322.366 | K75: =Bases!L81 -> 97072.022 | ... W75: =Bases!X81 -> 201974.78
C77: Diversos Admon | D77: =Bases!E82+Bases!E83 -> 249412.08 | E77: =Bases!F82+Bases!F83 -> 283810.99 | F77: =Bases!G82+Bases!G83 -> 311269.7 | G77: =Bases!H82+Bases!H83 -> 334064.61 | H77: =Bases!I82+Bases!I83 -> 356468.32 | I77: =Bases!J82+Bases!J83 -> 379645.89 | J77: =Bases!K82+Bases!K83 -> 403548.39 | K77: =Bases!L82+Bases!L83 -> 428955.8 | ... W77: =Bases!X82+Bases!X83 -> 892515.17
C79: =+Bases!C84 -> Diversos Ventas | D79: =+Bases!E84 -> 87309.53 | E79: =+Bases!F84 -> 99351.26 | F79: =+Bases!G84 -> 108963.49 | G79: =+Bases!H84 -> 116943.11 | H79: =+Bases!I84 -> 124785.78 | I79: =+Bases!J84 -> 132899.35 | J79: =+Bases!K84 -> 141266.7 | K79: =+Bases!L84 -> 150160.85 | ... W79: =+Bases!X84 -> 312435.07
C81: =+Bases!C85 -> Depreciacion | D81: =+Bases!E85 -> 0 | E81: =+Bases!F85 -> 0 | F81: =+Bases!G85 -> 0 | G81: =+Bases!H85 -> 0 | H81: =+Bases!I85 -> 0 | I81: =+Bases!J85 -> 0 | J81: =+Bases!K85 -> 0 | K81: =+Bases!L85 -> 0 | ... W81: =+Bases!X85 -> 0
C83: Amortización de Diferidos | D83: =+D127 -> 25000 | E83: =+E127 -> 25000 | F83: =+F127 -> 25000 | G83: =+G127 -> 25000 | H83: =+H127 -> 25000 | I83: =+I127 -> 0 | J83: =+J127 -> 0 | K83: =+K127 -> 0 | ... W83: =+W127 -> 0
C85: Total Gastos Operacionales ($000) | D85: =SUM(D73:D84) -> 932496.83 | E85: =SUM(E73:E84) -> 1057658.8 | F85: =SUM(F73:F84) -> 1157568.5 | G85: =SUM(G73:G84) -> 1240508.8 | H85: =SUM(H73:H84) -> 1322025.7 | I85: =SUM(I73:I84) -> 1381358.3 | J85: =SUM(J73:J84) -> 1468328.6 | K85: =SUM(K73:K84) -> 1560774.6 | ... W85: =SUM(W73:W84) -> 3247455.8
B88: VI. Depreciación.
C91: ACTIVOS | D91: Año 1 | E91: Año 2 | F91: Año 3 | G91: Año 4 | H91: Año 5 | I91: Año 6 | J91: Año 7 | K91: Año 8 | L91: Año 9 | M91: Año 10 | N91: Año 11 | O91: Año 12 | P91: Año 13 | Q91: Año 14 | R91: Año 15 | S91: Año 16 | T91: Año 17 | U91: Año 18 | V91: Año 19 | W91: Año 20
C94: Edificios
C95: Saldo Inicial | D95: =+D9 -> 0 | E95: =+D97 -> 0 | F95: =+E97 -> 0 | G95: =+F97 -> 0 | H95: =+G97 -> 0 | I95: =+H97 -> 0 | J95: =+I97 -> 0 | K95: =+J97 -> 0 | L95: =+K97 -> 0 | ... W95: =+V97 -> 0
C96: Depreciación | D96: =+D95/Bases!$F$95 -> 0 | E96: =+IF(D97>0,$D$95/Bases!$F$95,0) -> 0 | F96: =+IF(E97>=0,$D$95/Bases!$F$95,0) -> 0 | G96: =+IF(F97>=0,$D$95/Bases!$F$95,0) -> 0 | H96: =+IF(G97>=0,$D$95/Bases!$F$95,0) -> 0 | I96: =+IF(H97>=0,$D$95/Bases!$F$95,0) -> 0 | J96: =+IF(I97>=0,$D$95/Bases!$F$95,0) -> 0 | K96: =+IF(J97>=0,$D$95/Bases!$F$95,0) -> 0 | L96: =+IF(K97>=0,$D$95/Bases!$F$95,0) -> 0 | M96: =+IF(L97>=0,$D$95/Bases!$F$95,0) -> 0 | ... W96: =+IF(V97>=0,$D$95/Bases!$F$95,0) -> 0
C97: Saldo por depreciar | D97: =+D95-D96 -> 0 | E97: =+E95-E96 -> 0 | F97: =+F95-F96 -> 0 | G97: =+G95-G96 -> 0 | H97: =+H95-H96 -> 0 | I97: =+I95-I96 -> 0 | J97: =+J95-J96 -> 0 | K97: =+K95-K96 -> 0 | ... W97: =+W95-W96 -> 0
C99: Maquinaria y Equipos
C100: =+C95 -> Saldo Inicial | D100: =+D10 -> 150000 | E100: =+D102 -> 135000 | F100: =+E102 -> 120000 | G100: =+F102 -> 105000 | H100: =+G102 -> 90000 | I100: =+H102 -> 75000 | J100: =+I102 -> 60000 | K100: =+J102 -> 45000 | L100: =+K102 -> 30000 | ... W100: =+V102 -> 0
C101: =+C96 -> Depreciación | D101: =+D100/Bases!$F$96 -> 15000 | E101: =+IF(D102>0,$D$100/Bases!$F$96,0) -> 15000 | F101: =+IF(E102>0,$D$100/Bases!$F$96,0) -> 15000 | G101: =+IF(F102>0,$D$100/Bases!$F$96,0) -> 15000 | H101: =+IF(G102>0,$D$100/Bases!$F$96,0) -> 15000 | I101: =+IF(H102>0,$D$100/Bases!$F$96,0) -> 15000 | J101: =+IF(I102>0,$D$100/Bases!$F$96,0) -> 15000 | K101: =+IF(J102>0,$D$100/Bases!$F$96,0) -> 15000 | L101: =+IF(K102>0,$D$100/Bases!$F$96,0) -> 15000 | ... W101: =+IF(V102>0,$D$100/Bases!$F$96,0) -> 0
C102: =+C97 -> Saldo por depreciar | D102: =+D100-D101 -> 135000 | E102: =+E100-E101 -> 120000 | F102: =+F100-F101 -> 105000 | G102: =+G100-G101 -> 90000 | H102: =+H100-H101 -> 75000 | I102: =+I100-I101 -> 60000 | J102: =+J100-J101 -> 45000 | K102: =+K100-K101 -> 30000 | ... W102: =+W100-W101 -> 0
C104: Muebles y Enseres
C105: =+C95 -> Saldo Inicial | D105: =+D11 -> 150000 | E105: =+D107 -> 135000 | F105: =+E107 -> 120000 | G105: =+F107 -> 105000 | H105: =+G107 -> 90000 | I105: =+H107 -> 75000 | J105: =+I107 -> 60000 | K105: =+J107 -> 45000 | L105: =+K107 -> 30000 | ... W105: =+V107 -> 0
C106: =+C96 -> Depreciación | D106: =+D105/Bases!$F$97 -> 15000 | E106: =+IF(D107>0,$D$105/Bases!$F$97,0) -> 15000 | F106: =+IF(E107>0,$D$105/Bases!$F$97,0) -> 15000 | G106: =+IF(F107>0,$D$105/Bases!$F$97,0) -> 15000 | H106: =+IF(G107>0,$D$105/Bases!$F$97,0) -> 15000 | I106: =+IF(H107>0,$D$105/Bases!$F$97,0) -> 15000 | J106: =+IF(I107>0,$D$105/Bases!$F$97,0) -> 15000 | K106: =+IF(J107>0,$D$105/Bases!$F$97,0) -> 15000 | L106: =+IF(K107>0,$D$105/Bases!$F$97,0) -> 15000 | ... W106: =+IF(V107>0,$D$105/Bases!$F$97,0) -> 0
C107: =+C97 -> Saldo por depreciar | D107: =+D105-D106 -> 135000 | E107: =+E105-E106 -> 120000 | F107: =+F105-F106 -> 105000 | G107: =+G105-G106 -> 90000 | H107: =+H105-H106 -> 75000 | I107: =+I105-I106 -> 60000 | J107: =+J105-J106 -> 45000 | K107: =+K105-K106 -> 30000 | ... W107: =+W105-W106 -> 0
C109: Vehículos
C110: =+C95 -> Saldo Inicial | D110: =+D12 -> 375000 | E110: =+D112 -> 300000 | F110: =+E112 -> 225000 | G110: =+F112 -> 150000 | H110: =+G112 -> 75000 | I110: =+H112 -> 0 | J110: =+I112 -> 0 | K110: =+J112 -> 0 | L110: =+K112 -> 0 | ... W110: =+V112 -> 0
C111: =+C96 -> Depreciación | D111: =+D110/Bases!$F$98 -> 75000 | E111: =+IF(D112>0,$D$110/Bases!$F$98,0) -> 75000 | F111: =+IF(E112>0,$D$110/Bases!$F$98,0) -> 75000 | G111: =+IF(F112>0,$D$110/Bases!$F$98,0) -> 75000 | H111: =+IF(G112>0,$D$110/Bases!$F$98,0) -> 75000 | I111: =+IF(H112>0,$D$110/Bases!$F$98,0) -> 0 | J111: =+IF(I112>0,$D$110/Bases!$F$98,0) -> 0 | K111: =+IF(J112>0,$D$110/Bases!$F$98,0) -> 0 | L111: =+IF(K112>0,$D$110/Bases!$F$98,0) -> 0 | ... W111: =+IF(V112>0,$D$110/Bases!$F$98,0) -> 0
C112: Energía: | D112: =+D110-D111 -> 300000 | E112: =+E110-E111 -> 225000 | F112: =+F110-F111 -> 150000 | G112: =+G110-G111 -> 75000 | H112: =+H110-H111 -> 0 | I112: =+I110-I111 -> 0 | J112: =+J110-J111 -> 0 | K112: =+K110-K111 -> 0 | ... W112: =+W110-W111 -> 0
C114: Total Depreciación | D114: =D96+D101+D106+D111 -> 105000 | E114: =E96+E101+E106+E111 -> 105000 | F114: =F96+F101+F106+F111 -> 105000 | G114: =G96+G101+G106+G111 -> 105000 | H114: =H96+H101+H106+H111 -> 105000 | I114: =I96+I101+I106+I111 -> 30000 | J114: =J96+J101+J106+J111 -> 30000 | K114: =K96+K101+K106+K111 -> 30000 | ... W114: =W96+W101+W106+W111 -> 0
B118: VII. Amortización Inversión Diferida
D121: Año 1 | E121: Año 2 | F121: Año 3 | G121: Año 4 | H121: Año 5 | I121: Año 6 | J121: Año 7 | K121: Año 8 | L121: Año 9 | M121: Año 10 | N121: Año 11 | O121: Año 12 | P121: Año 13 | Q121: Año 14 | R121: Año 15 | S121: Año 16 | T121: Año 17 | U121: Año 18 | V121: Año 19 | W121: Año 20
C125: Activos Diferidos
C126: Saldo Inicial | D126: =+D19 -> 125000 | E126: =+D128 -> 100000 | F126: =+E128 -> 75000 | G126: =+F128 -> 50000 | H126: =+G128 -> 25000 | I126: =+H128 -> 0 | J126: =+I128 -> 0 | K126: =+J128 -> 0 | L126: =+K128 -> 0 | ... W126: =+V128 -> 0
C127: Amortización | D127: =+D126/Bases!$G$106 -> 25000 | E127: =+IF(D128>0,$D$126/Bases!$G$106,0) -> 25000 | F127: =+IF(E128>0,$D$126/Bases!$G$106,0) -> 25000 | G127: =+IF(F128>0,$D$126/Bases!$G$106,0) -> 25000 | H127: =+IF(G128>0,$D$126/Bases!$G$106,0) -> 25000 | I127: =+IF(H128>0,$D$126/Bases!$G$106,0) -> 0 | J127: =+IF(I128>0,$D$126/Bases!$G$106,0) -> 0 | K127: =+IF(J128>0,$D$126/Bases!$G$106,0) -> 0 | L127: =+IF(K128>0,$D$126/Bases!$G$106,0) -> 0 | ... W127: =+IF(V128>0,$D$126/Bases!$G$106,0) -> 0
C128: Saldo por amortizar | D128: =+D126-D127 -> 100000 | E128: =+E126-E127 -> 75000 | F128: =+F126-F127 -> 50000 | G128: =+G126-G127 -> 25000 | H128: =+H126-H127 -> 0 | I128: =+I126-I127 -> 0 | J128: =+J126-J127 -> 0 | K128: =+K126-K127 -> 0 | ... W128: =+W126-W127 -> 0
B132: VIII. Determinación Necesidad Operativa de Fondos
D135: Año 0 | E135: Año 1 | F135: Año 2 | G135: Año 3 | H135: Año 4 | I135: Año 5 | J135: Año 6 | K135: Año 7 | L135: Año 8 | M135: Año 9 | N135: Año 10 | O135: Año 11 | P135: Año 12 | Q135: Año 13 | R135: Año 14 | S135: Año 15 | T135: Año 16 | U135: Año 17 | V135: Año 18 | W135: Año 19 | X135: Año 20
C138: Activos Corrientes Operativos
C139: Cuentas por Cobrar | D139: =+Bases!$G$43*Proyecciones!D47 -> 1091369.1 | E139: =+Bases!$G$43*Proyecciones!E47 -> 1241890.8 | F139: =+Bases!$G$43*Proyecciones!F47 -> 1362043.7 | G139: =+Bases!$G$43*Proyecciones!G47 -> 1461788.9 | H139: =+Bases!$G$43*Proyecciones!H47 -> 1559822.3 | I139: =+Bases!$G$43*Proyecciones!I47 -> 1661241.9 | J139: =+Bases!$G$43*Proyecciones!J47 -> 1765833.7 | K139: =+Bases!$G$43*Proyecciones!K47 -> 1877010.6 | ... W139: =+Bases!$G$43*Proyecciones!W47 -> 3905438.4 | X139: =+W139 -> 3905438.4
C140: Inventarios | D140: =+Bases!$G$45*Proyecciones!D64 -> 0 | E140: =+Bases!$G$45*Proyecciones!E64 -> 0 | F140: =+Bases!$G$45*Proyecciones!F64 -> 0 | G140: =+Bases!$G$45*Proyecciones!G64 -> 0 | H140: =+Bases!$G$45*Proyecciones!H64 -> 0 | I140: =+Bases!$G$45*Proyecciones!I64 -> 0 | J140: =+Bases!$G$45*Proyecciones!J64 -> 0 | K140: =+Bases!$G$45*Proyecciones!K64 -> 0 | ... X140: =+Bases!$G$45*Proyecciones!X64 -> 0
C142: Total | D142: =SUM(D139:D141) -> 1091369.1 | E142: =SUM(E139:E141) -> 1241890.8 | F142: =SUM(F139:F141) -> 1362043.7 | G142: =SUM(G139:G141) -> 1461788.9 | H142: =SUM(H139:H141) -> 1559822.3 | I142: =SUM(I139:I141) -> 1661241.9 | J142: =SUM(J139:J141) -> 1765833.7 | K142: =SUM(K139:K141) -> 1877010.6 | ... X142: =SUM(X139:X141) -> 3905438.4
C143: Variación Anual | D143: =+D142 -> 1091369.1 | E143: =+E142-D142 -> 150521.63 | F143: =+F142-E142 -> 120152.93 | G143: =+G142-F142 -> 99745.183 | H143: =+H142-G142 -> 98033.409 | I143: =+I142-H142 -> 101419.64 | J143: =+J142-I142 -> 104591.79 | K143: =+K142-J142 -> 111176.89 | L143: =+L142-K142 -> 118176.59 | ... X143: =+X142-W142 -> 0
C145: Pasivos Corrientes Operativos
C146: =+Bases!C47 -> Costos y Gastos por Pagar | D146: =+Bases!$G$47*(Proyecciones!D64+Proyecciones!D85-D62-D81-D83) -> 693789.61 | E146: =+Bases!$G$47*(Proyecciones!E64+Proyecciones!E85-E62-E81-E83) -> 789477.08 | F146: =+Bases!$G$47*(Proyecciones!F64+Proyecciones!F85-F62-F81-F83) -> 865858.98 | G146: =+Bases!$G$47*(Proyecciones!G64+Proyecciones!G85-G62-G81-G83) -> 929267.57 | H146: =+Bases!$G$47*(Proyecciones!H64+Proyecciones!H85-H62-H81-H83) -> 991587.97 | I146: =+Bases!$G$47*(Proyecciones!I64+Proyecciones!I85-I62-I81-I83) -> 1056061 | J146: =+Bases!$G$47*(Proyecciones!J64+Proyecciones!J85-J62-J81-J83) -> 1122550.6 | K146: =+Bases!$G$47*(Proyecciones!K64+Proyecciones!K85-K62-K81-K83) -> 1193226.4 | ... W146: =+Bases!$G$47*(Proyecciones!W64+Proyecciones!W85-W62-W81-W83) -> 2482709.6 | X146: =W146 -> 2482709.6
C148: Total | D148: =+D146 -> 693789.61 | E148: =+E146 -> 789477.08 | F148: =+F146 -> 865858.98 | G148: =+G146 -> 929267.57 | H148: =+H146 -> 991587.97 | I148: =+I146 -> 1056061 | J148: =+J146 -> 1122550.6 | K148: =+K146 -> 1193226.4 | ... X148: =+X146 -> 2482709.6
C149: Variación Anual | D149: =+D148 -> 693789.61 | E149: =+E148-D148 -> 95687.463 | F149: =+F148-E148 -> 76381.907 | G149: =+G148-F148 -> 63408.585 | H149: =+H148-G148 -> 62320.4 | I149: =+I148-H148 -> 64473.05 | J149: =+J148-I148 -> 66489.602 | K149: =+K148-J148 -> 70675.787 | L149: =+L148-K148 -> 75125.535 | ... X149: =+X148-W148 -> 0
C151: Necesidad Operativa de Fondos | D151: =+D142-D148 -> 397579.51 | E151: =+E142-E148 -> 452413.68 | F151: =+F142-F148 -> 496184.7 | G151: =+G142-G148 -> 532521.3 | H151: =+H142-H148 -> 568234.31 | I151: =+I142-I148 -> 605180.9 | J151: =+J142-J148 -> 643283.09 | K151: =+K142-K148 -> 683784.2 | ... W151: =+W142-W148 -> 1422728.8 | X151: =+W151 -> 1422728.8
C153: Variación Anual | D153: =+D151 -> 397579.51 | E153: =+E151-D151 -> 54834.166 | F153: =+F151-E151 -> 43771.023 | G153: =+G151-F151 -> 36336.598 | H153: =+H151-G151 -> 35713.008 | I153: =+I151-H151 -> 36946.595 | J153: =+J151-I151 -> 38102.19 | K153: =+K151-J151 -> 40501.104 | L153: =+L151-K151 -> 43051.053 | ... X153: =+X151-W151 -> 0
B155: IX. Servicio de la Deuda
D158: Tasa (%) | E158: Año 0 | F158: Año 1 | G158: Año 2 | H158: Año 3 | I158: Año 4 | J158: Año 5 | K158: Año 6 | L158: Año 7 | M158: Año 8 | N158: Año 9 | O158: Año 10 | P158: Año 11 | Q158: Año 12 | R158: Año 13 | S158: Año 14 | T158: Año 15 | U158: Año 16 | V158: Año 17 | W158: Año 18 | X158: Año 19 | Y158: Año 20
F160: 1 | G160: 2 | H160: 3 | I160: 4 | J160: 5 | K160: 6 | L160: 7 | M160: 8 | N160: 9 | O160: 10 | P160: 11 | Q160: 12 | R160: 13 | S160: 14 | T160: 15 | U160: 16 | V160: 17 | W160: 18 | X160: 19 | Y160: 20
C161: Saldo Inicial | E161: =+$D$36 -> 0 | F161: =+E163 -> 0 | G161: =+F163 -> 0 | H161: =+G163 -> 0 | I161: =+H163 -> 0 | J161: =+I163 -> 0 | K161: =+J163 -> 0 | L161: =+K163 -> 0 | M161: =+L163 -> 0 | ... Y161: =+X163 -> 0
C162: Amortización de Capital | F162: =(IF(E163<=0,0,(IF(Bases!$F$29<=F160-1,$E$161/(Bases!$F$27-Bases!$F$29),0)))) -> 0 | G162: =(IF(F163<=0,0,(IF(Bases!$F$29<=G160-1,$E$161/(Bases!$F$27-Bases!$F$29),0)))) -> 0 | H162: =(IF(G163<=0,0,(IF(Bases!$F$29<=H160-1,$E$161/(Bases!$F$27-Bases!$F$29),0)))) -> 0 | I162: =(IF(H163<=0,0,(IF(Bases!$F$29<=I160-1,$E$161/(Bases!$F$27-Bases!$F$29),0)))) -> 0 | J162: =(IF(I163<=0,0,(IF(Bases!$F$29<=J160-1,$E$161/(Bases!$F$27-Bases!$F$29),0)))) -> 0 | K162: =(IF(J163<=0,0,(IF(Bases!$F$29<=K160-1,$E$161/(Bases!$F$27-Bases!$F$29),0)))) -> 0 | L162: =(IF(K163<=0,0,(IF(Bases!$F$29<=L160-1,$E$161/(Bases!$F$27-Bases!$F$29),0)))) -> 0 | M162: =(IF(L163<=0,0,(IF(Bases!$F$29<=M160-1,$E$161/(Bases!$F$27-Bases!$F$29),0)))) -> 0 | ... Y162: =(IF(X163<=0,0,(IF(Bases!$F$29<=Y160-1,$E$161/(Bases!$F$27-Bases!$F$29),0)))) -> 0
C163: Saldo Final | E163: =+E161-E162 -> 0 | F163: =+F161-F162 -> 0 | G163: =+G161-G162 -> 0 | H163: =+H161-H162 -> 0 | I163: =+I161-I162 -> 0 | J163: =+J161-J162 -> 0 | K163: =+K161-K162 -> 0 | L163: =+L161-L162 -> 0 | ... Y163: =+Y161-Y162 -> 0
C164: Intereses (Sobre Saldo Promedio) | D164: =+Bases!F25 -> 0.3139 | F164: =(E163+F163)/2*$D$164 -> 0 | G164: =(F163+G163)/2*$D$164 -> 0 | H164: =(G163+H163)/2*$D$164 -> 0 | I164: =(H163+I163)/2*$D$164 -> 0 | J164: =(I163+J163)/2*$D$164 -> 0 | K164: =(J163+K163)/2*$D$164 -> 0 | L164: =(K163+L163)/2*$D$164 -> 0 | M164: =(L163+M163)/2*$D$164 -> 0 | ... Y164: =(X163+Y163)/2*$D$164 -> 0
B167: X. Saldo Minimo de Caja
D170: Año 1 | E170: Año 2 | F170: Año 3 | G170: Año 4 | H170: Año 5 | I170: Año 6 | J170: Año 7 | K170: Año 8 | L170: Año 9 | M170: Año 10 | N170: Año 11 | O170: Año 12 | P170: Año 13 | Q170: Año 14 | R170: Año 15 | S170: Año 16 | T170: Año 17 | U170: Año 18 | V170: Año 19 | W170: Año 20
C172: Saldo Mínimo | D172: =+Bases!$G$40*(D64+D85-D62-D83) -> 694067.24 | E172: =+Bases!$G$40*(E64+E85-E62-E83) -> 789792.99 | F172: =+Bases!$G$40*(F64+F85-F62-F83) -> 866205.47 | G172: =+Bases!$G$40*(G64+G85-G62-G83) -> 929639.42 | H172: =+Bases!$G$40*(H64+H85-H62-H83) -> 991984.76 | I172: =+Bases!$G$40*(I64+I85-I62-I83) -> 1056483.6 | J172: =+Bases!$G$40*(J64+J85-J62-J83) -> 1122999.8 | K172: =+Bases!$G$40*(K64+K85-K62-K83) -> 1193703.9 | ... W172: =+Bases!$G$40*(W64+W85-W62-W83) -> 2483703.1
B175: XI. Estado de Resultados Proyectado
F178: Año 1 | G178: Año 2 | H178: Año 3 | I178: Año 4 | J178: Año 5 | K178: Año 6 | L178: Año 7 | M178: Año 8 | N178: Año 9 | O178: Año 10 | P178: Año 11 | Q178: Año 12 | R178: Año 13 | S178: Año 14 | T178: Año 15 | U178: Año 16 | V178: Año 17 | W178: Año 18 | X178: Año 19 | Y178: Año 20 | AP178: Ventas y Utilidad Neta($MM)
AQ179: Año 1 | AR179: Año 2 | AS179: Año 3 | AT179: Año 4 | AU179: Año 5 | AV179: Año 6 | AW179: Año 7 | AX179: Año 8 | AY179: Año 9 | AZ179: Año 10 | BA179: Año 11 | BB179: Año 12 | BC179: Año 13 | BD179: Año 14 | BE179: Año 15 | BF179: Año 16 | BG179: Año 17 | BH179: Año 18 | BI179: Año 19 | BJ179: Año 20
AP180: =+C181 -> INGRESOS OPERACIONALES | AQ180: =+F181 -> 8730953 | AR180: =+G181 -> 9935126 | AS180: =+H181 -> 10896349 | AT180: =+I181 -> 11694311 | AU180: =+J181 -> 12478578 | AV180: =+K181 -> 13289935 | AW180: =+L181 -> 14126670 | AX180: =+M181 -> 15016085 | ... BB180: =+Q181 -> 19170101 | BC180: =+AP181 -> UTILIDAD NETA | BD180: =+AQ181 -> 228894.98 | BE180: =+AR181 -> 264946.57 | BF180: =+AS181 -> 293724.53 | BG180: =+AT181 -> 317614.61 | BH180: =+AU181 -> 341094.69 | BI180: =+AV181 -> 397885.82 | BJ180: =+AW181 -> 422936.71
C181: INGRESOS OPERACIONALES | F181: =+D47 -> 8730953 | G181: =+E47 -> 9935126 | H181: =+F47 -> 10896349 | I181: =+G47 -> 11694311 | J181: =+H47 -> 12478578 | K181: =+I47 -> 13289935 | L181: =+J47 -> 14126670 | M181: =+K47 -> 15016085 | ... Y181: =+W47 -> 31243507 | AP181: =+C198 -> UTILIDAD NETA | AQ181: =+F198 -> 228894.98 | AR181: =+G198 -> 264946.57 | AS181: =+H198 -> 293724.53 | AT181: =+I198 -> 317614.61 | AU181: =+J198 -> 341094.69 | AV181: =+K198 -> 397885.82 | AW181: =+L198 -> 422936.71 | AX181: =+M198 -> 449564.8 | ... BJ181: =+Y198 -> 935395.7
C183: (-) Costos Operacionales | F183: =+D64 -> 7421310 | G183: =+E64 -> 8444857.1 | H183: =+F64 -> 9261897.1 | I183: =+G64 -> 9940164.3 | J183: =+H64 -> 10606791 | K183: =+I64 -> 11296445 | L183: =+J64 -> 12007669 | M183: =+K64 -> 12763672 | ... Y183: =+W64 -> 26556981
C185: UTILIDAD BRUTA | F185: =+F181-F183 -> 1309643 | G185: =+G181-G183 -> 1490268.9 | H185: =+H181-H183 -> 1634452.4 | I185: =+I181-I183 -> 1754146.6 | J185: =+J181-J183 -> 1871786.7 | K185: =+K181-K183 -> 1993490.3 | L185: =+L181-L183 -> 2119000.5 | M185: =+M181-M183 -> 2252412.7 | ... Y185: =+Y181-Y183 -> 4686526.1
C187: (-) Gastos Operacionales | F187: =+D85 -> 932496.83 | G187: =+E85 -> 1057658.8 | H187: =+F85 -> 1157568.5 | I187: =+G85 -> 1240508.8 | J187: =+H85 -> 1322025.7 | K187: =+I85 -> 1381358.3 | L187: =+J85 -> 1468328.6 | M187: =+K85 -> 1560774.6 | ... Y187: =+W85 -> 3247455.8
C188: (-)Amortización de Diferidos | F188: =+D127 -> 25000 | G188: =+E127 -> 25000 | H188: =+F127 -> 25000 | I188: =+G127 -> 25000 | J188: =+H127 -> 25000 | K188: =+I127 -> 0 | L188: =+J127 -> 0 | M188: =+K127 -> 0 | ... Y188: =+W127 -> 0
C190: UTILIDAD OPERACIONAL | F190: =F185-F187-F188 -> 352146.12 | G190: =G185-G187-G188 -> 407610.11 | H190: =H185-H187-H188 -> 451883.89 | I190: =I185-I187-I188 -> 488637.85 | J190: =J185-J187-J188 -> 524761.06 | K190: =K185-K187-K188 -> 612132.03 | L190: =L185-L187-L188 -> 650671.86 | M190: =M185-M187-M188 -> 691638.16 | ... Y190: =Y185-Y187-Y188 -> 1439070.3
...

Sheet Estructura Organizacional
I1: Gerencia General
I2: Ejerce la representación legal de la sociedad, garantiza su sostenibilidad estableciendo la orientación estratégica de la organización, monitoreando permanentemente los indicadores del negocio y la calidad de los servicios, también verificando el uso óptimo de los recursos.
I3: Se encarga de fijar las políticas de la compañía con base en los parámetros fijados por los cuerpos colegiados, así como de planear, dirigir y controlar las actividades de la empresa.
I4: Es el responsable ante los accionistas, por los resultados de las operaciones y el desempeño organizacional con la administración.
I5: Jurídica
I6: Garantiza la seguridad jurídica de la sociedad creando los instrumentos necesarios para su control e innovando en materia normativa y regulatoria.
I7: Dirección Comercial y de Operaciones
I8: Desarrolla los procesos de cara al cliente como eje central de la estrategia de negocio, como son: prospección, venta y servicio al cliente.
I9: Se encarga de posicionar la marca como facilitadora del alcance de las metas y necesidades de los clientes, la generación de propuestas de valor y negocios innovadores.
I10: Responsable de que la operación responda con los estándares de eficiencia, asegura el cumplimiento de los Acuerdos de Niveles de Servicio – ANS pactados contractualmente y realiza la gerencia de proyectos.
I11: Equipo encargado de cautivar al cliente generando valor constante, permanencia y rentabilidad del negocio.
I12: Desarrolla proyectos que constituyen nuevos productos, servicios, mejoras sensibles a las actuales, al modelo de relacionamiento con el cliente que representen mejoras en las condiciones económicas del negocio.
... I15: Garantiza la infraestructura y suministro de bienes y servicios que permitan el funcionamiento efectivo de los procesos del negocio, también es el órgano de asesoramiento interno con el fin de que la organización genere valor económico sostenible y un crecimiento basado en la innovación y desarrollo de negocios apalancados en modelos de rentabilidad.

Sheet Ingresos_Egresos_Mes
B2: PROYECCION DE INGRESOS Y EGRESOS MENSUALES - VALORES EN MILLONES DE PESOS
C4: Año 1 | D4: Año 2 | E4: Año 3 | F4: Año 4 | G4: Año 5 | H4: Año 6 | I4: Año 7 | J4: Año 8 | K4: Año 9 | L4: Año 10 | M4: Año 11 | N4: Año 12 | O4: Año 13 | P4: Año 14 | Q4: Año 15 | R4: Año 16 | S4: Año 17 | T4: Año 18 | U4: Año 19 | V4: Año 20
B6: INGRESOS | C6: =Bases!E63/1000 -> 8730.953 | D6: =Bases!F63/1000 -> 9935.126 | E6: =Bases!G63/1000 -> 10896.349 | F6: =Bases!H63/1000 -> 11694.311 | G6: =Bases!I63/1000 -> 12478.578 | H6: =Bases!J63/1000 -> 13289.935 | I6: =Bases!K63/1000 -> 14126.67 | J6: =Bases!L63/1000 -> 15016.085 | ... V6: =Bases!X63/1000 -> 31243.507
B7: MESES
B8: Ene | C8: 0 | D8: =$D$6*$AF8 -> 119.22151 | E8: =$E$6*$AF8 -> 130.75619 | F8: =$F$6*$AF8 -> 140.33173 | G8: =$G$6*$AF8 -> 149.74294 | H8: =$H$6*$AF8 -> 159.47922 | I8: =$I$6*$AF8 -> 169.52004 | J8: =$J$6*$AF8 -> 180.19302 | K8: =$K$6*$AF8 -> 191.53797 | L8: =$L$6*$AF8 -> 203.5972 | M8: =$M$6*$AF8 -> 216.41568 | N8: =$N$6*$AF8 -> 230.04121 | O8: =$O$6*$AF8 -> 244.52461 | P8: =$P$6*$AF8 -> 259.91988 | Q8: =$Q$6*$AF8 -> 276.28443 | R8: =$R$6*$AF8 -> 293.6793 | S8: =$S$6*$AF8 -> 312.16935 | T8: =$T$6*$AF8 -> 331.82353 | U8: =$U$6*$AF8 -> 352.71514 | V8: =$V$6*$AF8 -> 374.92208 | AF8: 0.012 | AG8: 1
B9: Feb | C9: 0 | D9: =$D$6*$AF9 -> 298.05378 | E9: =$E$6*$AF9 -> 326.89048 | F9: =$F$6*$AF9 -> 350.82933 | G9: =$G$6*$AF9 -> 374.35735 | H9: =$H$6*$AF9 -> 398.69806 | I9: =$I$6*$AF9 -> 423.80009 | J9: =$J$6*$AF9 -> 450.48254 | K9: =$K$6*$AF9 -> 478.84493 | L9: =$L$6*$AF9 -> 508.993 | M9: =$M$6*$AF9 -> 541.0392 | N9: =$N$6*$AF9 -> 575.10303 | O9: =$O$6*$AF9 -> 611.31152 | P9: =$P$6*$AF9 -> 649.79969 | Q9: =$Q$6*$AF9 -> 690.71108 | R9: =$R$6*$AF9 -> 734.19825 | S9: =$S$6*$AF9 -> 780.42337 | T9: =$T$6*$AF9 -> 829.55882 | U9: =$U$6*$AF9 -> 881.78785 | V9: =$V$6*$AF9 -> 937.30521 | AF9: 0.03 | AG9: 2
B10: Mar | C10: 0 | D10: =$D$6*$AF10 -> 794.81008 | E10: =$E$6*$AF10 -> 871.70796 | F10: =$F$6*$AF10 -> 935.54488 | G10: =$G$6*$AF10 -> 998.28626 | H10: =$H$6*$AF10 -> 1063.1948 | I10: =$I$6*$AF10 -> 1130.1336 | J10: =$J$6*$AF10 -> 1201.2868 | K10: =$K$6*$AF10 -> 1276.9198 | L10: =$L$6*$AF10 -> 1357.3147 | M10: =$M$6*$AF10 -> 1442.7712 | N10: =$N$6*$AF10 -> 1533.6081 | O10: =$O$6*$AF10 -> 1630.164 | P10: =$P$6*$AF10 -> 1732.7992 | Q10: =$Q$6*$AF10 -> 1841.8962 | R10: =$R$6*$AF10 -> 1957.862 | S10: =$S$6*$AF10 -> 2081.129 | T10: =$T$6*$AF10 -> 2212.1569 | U10: =$U$6*$AF10 -> 2351.4343 | V10: =$V$6*$AF10 -> 2499.4806 | AF10: 0.08 | AG10: 3
B11: Abr | C11: 0 | D11: =$D$6*$AF11 -> 834.55059 | E11: =$E$6*$AF11 -> 915.29336 | F11: =$F$6*$AF11 -> 982.32212 | G11: =$G$6*$AF11 -> 1048.2006 | H11: =$H$6*$AF11 -> 1116.3546 | I11: =$I$6*$AF11 -> 1186.6403 | J11: =$J$6*$AF11 -> 1261.3511 | K11: =$K$6*$AF11 -> 1340.7658 | L11: =$L$6*$AF11 -> 1425.1804 | M11: =$M$6*$AF11 -> 1514.9098 | N11: =$N$6*$AF11 -> 1610.2885 | O11: =$O$6*$AF11 -> 1711.6722 | P11: =$P$6*$AF11 -> 1819.4391 | Q11: =$Q$6*$AF11 -> 1933.991 | R11: =$R$6*$AF11 -> 2055.7551 | S11: =$S$6*$AF11 -> 2185.1854 | T11: =$T$6*$AF11 -> 2322.7647 | U11: =$U$6*$AF11 -> 2469.006 | V11: =$V$6*$AF11 -> 2624.4546 | AF11: 0.084 | AG11: 4
B12: May | C12: 0 | D12: =$D$6*$AF12 -> 914.0316 | E12: =$E$6*$AF12 -> 1002.4642 | F12: =$F$6*$AF12 -> 1075.8766 | G12: =$G$6*$AF12 -> 1148.0292 | H12: =$H$6*$AF12 -> 1222.6741 | I12: =$I$6*$AF12 -> 1299.6536 | J12: =$J$6*$AF12 -> 1381.4798 | K12: =$K$6*$AF12 -> 1468.4578 | L12: =$L$6*$AF12 -> 1560.9119 | M12: =$M$6*$AF12 -> 1659.1869 | N12: =$N$6*$AF12 -> 1763.6493 | O12: =$O$6*$AF12 -> 1874.6887 | P12: =$P$6*$AF12 -> 1992.719 | Q12: =$Q$6*$AF12 -> 2118.1806 | R12: =$R$6*$AF12 -> 2251.5413 | S12: =$S$6*$AF12 -> 2393.2983 | T12: =$T$6*$AF12 -> 2543.9804 | U12: =$U$6*$AF12 -> 2704.1494 | V12: =$V$6*$AF12 -> 2874.4026 | AF12: 0.092 | AG12: 5
B13: Jun | C13: 0 | D13: =$D$6*$AF13 -> 894.16134 | E13: =$E$6*$AF13 -> 980.67145 | F13: =$F$6*$AF13 -> 1052.488 | G13: =$G$6*$AF13 -> 1123.072 | H13: =$H$6*$AF13 -> 1196.0942 | I13: =$I$6*$AF13 -> 1271.4003 | J13: =$J$6*$AF13 -> 1351.4476 | K13: =$K$6*$AF13 -> 1436.5348 | L13: =$L$6*$AF13 -> 1526.979 | M13: =$M$6*$AF13 -> 1623.1176 | N13: =$N$6*$AF13 -> 1725.3091 | O13: =$O$6*$AF13 -> 1833.9346 | P13: =$P$6*$AF13 -> 1949.3991 | Q13: =$Q$6*$AF13 -> 2072.1332 | R13: =$R$6*$AF13 -> 2202.5947 | S13: =$S$6*$AF13 -> 2341.2701 | T13: =$T$6*$AF13 -> 2488.6765 | U13: =$U$6*$AF13 -> 2645.3635 | V13: =$V$6*$AF13 -> 2811.9156 | AF13: 0.09 | AG13: 6
B14: Jul | C14: =$C$6*AE14 -> 392.89288 | D14: =$D$6*$AF14 -> 1092.8639 | E14: =$E$6*$AF14 -> 1198.5984 | F14: =$F$6*$AF14 -> 1286.3742 | G14: =$G$6*$AF14 -> 1372.6436 | H14: =$H$6*$AF14 -> 1461.8929 | I14: =$I$6*$AF14 -> 1553.9337 | J14: =$J$6*$AF14 -> 1651.7693 | K14: =$K$6*$AF14 -> 1755.7647 | L14: =$L$6*$AF14 -> 1866.3077 | M14: =$M$6*$AF14 -> 1983.8104 | N14: =$N$6*$AF14 -> 2108.7111 | O14: =$O$6*$AF14 -> 2241.4756 | P14: =$P$6*$AF14 -> 2382.5989 | Q14: =$Q$6*$AF14 -> 2532.6073 | R14: =$R$6*$AF14 -> 2692.0602 | S14: =$S$6*$AF14 -> 2861.5524 | T14: =$T$6*$AF14 -> 3041.7157 | U14: =$U$6*$AF14 -> 3233.2221 | V14: =$V$6*$AF14 -> 3436.7858 | AE14: 0.045 | AF14: 0.11 | AG14: 7
B15: Ago | C15: =$C$6*AE15 -> 1309.6429 | D15: =$D$6*$AF15 -> 1142.5395 | E15: =$E$6*$AF15 -> 1253.0802 | F15: =$F$6*$AF15 -> 1344.8458 | G15: =$G$6*$AF15 -> 1435.0365 | H15: =$H$6*$AF15 -> 1528.3426 | I15: =$I$6*$AF15 -> 1624.567 | J15: =$J$6*$AF15 -> 1726.8498 | K15: =$K$6*$AF15 -> 1835.5722 | L15: =$L$6*$AF15 -> 1951.1398 | M15: =$M$6*$AF15 -> 2073.9836 | N15: =$N$6*$AF15 -> 2204.5616 | O15: =$O$6*$AF15 -> 2343.3608 | P15: =$P$6*$AF15 -> 2490.8988 | Q15: =$Q$6*$AF15 -> 2647.7258 | R15: =$R$6*$AF15 -> 2814.4266 | S15: =$S$6*$AF15 -> 2991.6229 | T15: =$T$6*$AF15 -> 3179.9755 | U15: =$U$6*$AF15 -> 3380.1868 | V15: =$V$6*$AF15 -> 3593.0033 | AE15: 0.15 | AF15: 0.115 | AG15: 8
B16: Sep | C16: =$C$6*AE16 -> 2016.8501 | D16: =$D$6*$AF16 -> 1241.8908 | E16: =$E$6*$AF16 -> 1362.0437 | F16: =$F$6*$AF16 -> 1461.7889 | G16: =$G$6*$AF16 -> 1559.8223 | H16: =$H$6*$AF16 -> 1661.2419 | I16: =$I$6*$AF16 -> 1765.8337 | J16: =$J$6*$AF16 -> 1877.0106 | K16: =$K$6*$AF16 -> 1995.1872 | L16: =$L$6*$AF16 -> 2120.8042 | M16: =$M$6*$AF16 -> 2254.33 | N16: =$N$6*$AF16 -> 2396.2626 | O16: =$O$6*$AF16 -> 2547.1313 | P16: =$P$6*$AF16 -> 2707.4987 | Q16: =$Q$6*$AF16 -> 2877.9628 | R16: =$R$6*$AF16 -> 3059.1594 | S16: =$S$6*$AF16 -> 3251.764 | T16: =$T$6*$AF16 -> 3456.4951 | U16: =$U$6*$AF16 -> 3674.116 | V16: =$V$6*$AF16 -> 3905.4384 | AE16: 0.231 | AF16: 0.125 | AG16: 9
B17: Oct | C17: =$C$6*AE17 -> 2095.4287 | D17: =$D$6*$AF17 -> 1222.0205 | E17: =$E$6*$AF17 -> 1340.251 | F17: =$F$6*$AF17 -> 1438.4002 | G17: =$G$6*$AF17 -> 1534.8651 | H17: =$H$6*$AF17 -> 1634.6621 | I17: =$I$6*$AF17 -> 1737.5804 | J17: =$J$6*$AF17 -> 1846.9784 | K17: =$K$6*$AF17 -> 1963.2642 | L17: =$L$6*$AF17 -> 2086.8713 | M17: =$M$6*$AF17 -> 2218.2607 | N17: =$N$6*$AF17 -> 2357.9224 | O17: =$O$6*$AF17 -> 2506.3772 | P17: =$P$6*$AF17 -> 2664.1787 | Q17: =$Q$6*$AF17 -> 2831.9154 | R17: =$R$6*$AF17 -> 3010.2128 | S17: =$S$6*$AF17 -> 3199.7358 | T17: =$T$6*$AF17 -> 3401.1912 | U17: =$U$6*$AF17 -> 3615.3302 | V17: =$V$6*$AF17 -> 3842.9514 | AE17: 0.24 | AF17: 0.123 | AG17: 10
B18: Nov | C18: =$C$6*AE18 -> 2043.043 | D18: =$D$6*$AF18 -> 904.09647 | E18: =$E$6*$AF18 -> 991.5678 | F18: =$F$6*$AF18 -> 1064.1823 | G18: =$G$6*$AF18 -> 1135.5506 | H18: =$H$6*$AF18 -> 1209.3841 | I18: =$I$6*$AF18 -> 1285.5269 | J18: =$J$6*$AF18 -> 1366.4637 | K18: =$K$6*$AF18 -> 1452.4963 | L18: =$L$6*$AF18 -> 1543.9454 | M18: =$M$6*$AF18 -> 1641.1522 | N18: =$N$6*$AF18 -> 1744.4792 | O18: =$O$6*$AF18 -> 1854.3116 | P18: =$P$6*$AF18 -> 1971.0591 | Q18: =$Q$6*$AF18 -> 2095.1569 | R18: =$R$6*$AF18 -> 2227.068 | S18: =$S$6*$AF18 -> 2367.2842 | T18: =$T$6*$AF18 -> 2516.3284 | U18: =$U$6*$AF18 -> 2674.7565 | V18: =$V$6*$AF18 -> 2843.1591 | AE18: 0.234 | AF18: 0.091 | AG18: 11
B19: Dic | C19: =$C$6*AE19 -> 873.0953 | D19: =$D$6*$AF19 -> 476.88605 | E19: =$E$6*$AF19 -> 523.02478 | F19: =$F$6*$AF19 -> 561.32693 | G19: =$G$6*$AF19 -> 598.97175 | H19: =$H$6*$AF19 -> 637.9169 | I19: =$I$6*$AF19 -> 678.08015 | J19: =$J$6*$AF19 -> 720.77207 | K19: =$K$6*$AF19 -> 766.15188 | L19: =$L$6*$AF19 -> 814.3888 | M19: =$M$6*$AF19 -> 865.66272 | N19: =$N$6*$AF19 -> 920.16485 | O19: =$O$6*$AF19 -> 978.09843 | P19: =$P$6*$AF19 -> 1039.6795 | Q19: =$Q$6*$AF19 -> 1105.1377 | R19: =$R$6*$AF19 -> 1174.7172 | S19: =$S$6*$AF19 -> 1248.6774 | T19: =$T$6*$AF19 -> 1327.2941 | U19: =$U$6*$AF19 -> 1410.8606 | V19: =$V$6*$AF19 -> 1499.6883 | AE19: 0.1 | AF19: 0.048 | AG19: 12
B20: TOTAL INGRESOS | C20: =SUM(C8:C19) -> 8730.953 | D20: =SUM(D8:D19) -> 9935.126 | E20: =SUM(E8:E19) -> 10896.349 | F20: =SUM(F8:F19) -> 11694.311 | G20: =SUM(G8:G19) -> 12478.578 | H20: =SUM(H8:H19) -> 13289.935 | I20: =SUM(I8:I19) -> 14126.67 | J20: =SUM(J8:J19) -> 15016.085 | ... V20: =SUM(V8:V19) -> 31243.507 | AE20: =SUM(AE14:AE19) -> 1 | AF20: =SUM(AF8:AF19) -> 1
B22: COSTOS Y GASTOS | C22: =(Bases!E75+Bases!E87)/1000 -> 8328.8069 | D22: =(Bases!F75+Bases!F87)/1000 -> 9477.5159 | E22: =(Bases!G75+Bases!G87)/1000 -> 10394.466 | F22: =(Bases!H75+Bases!H87)/1000 -> 11155.673 | G22: =(Bases!I75+Bases!I87)/1000 -> 11903.817 | H22: =(Bases!J75+Bases!J87)/1000 -> 12677.803 | I22: =(Bases!K75+Bases!K87)/1000 -> 13475.998 | J22: =(Bases!L75+Bases!L87)/1000 -> 14324.447 | ... V22: =(Bases!X75+Bases!X87)/1000 -> 29804.437
B23: MESES
B24: Ene | C24: 0 | D24: =$D$22*$AF24 -> 113.73019 | E24: =$E$22*$AF24 -> 124.73359 | F24: =$F$22*$AF24 -> 133.86808 | G24: =$G$22*$AF24 -> 142.84581 | H24: =$H$22*$AF24 -> 152.13364 | I24: =$I$22*$AF24 -> 161.71197 | J24: =$J$22*$AF24 -> 171.89336 | K24: =$K$22*$AF24 -> 182.71577 | L24: =$L$22*$AF24 -> 194.21955 | M24: =$M$22*$AF24 -> 206.44761 | N24: =$N$22*$AF24 -> 219.44556 | O24: =$O$22*$AF24 -> 233.26185 | P24: =$P$22*$AF24 -> 247.94801 | Q24: =$Q$22*$AF24 -> 263.55882 | R24: =$R$22*$AF24 -> 280.15248 | S24: =$S$22*$AF24 -> 297.79088 | T24: =$T$22*$AF24 -> 316.5398 | U24: =$U$22*$AF24 -> 336.46914 | V24: =$V$22*$AF24 -> 357.65324 | AF24: =AF8 -> 0.012
B25: Feb | C25: 0 | D25: =$D$22*$AF25 -> 284.32548 | E25: =$E$22*$AF25 -> 311.83397 | F25: =$F$22*$AF25 -> 334.67019 | G25: =$G$22*$AF25 -> 357.11451 | H25: =$H$22*$AF25 -> 380.3341 | I25: =$I$22*$AF25 -> 404.27994 | J25: =$J$22*$AF25 -> 429.7334 | K25: =$K$22*$AF25 -> 456.78941 | L25: =$L$22*$AF25 -> 485.54888 | M25: =$M$22*$AF25 -> 516.11903 | N25: =$N$22*$AF25 -> 548.61389 | O25: =$O$22*$AF25 -> 583.15462 | P25: =$P$22*$AF25 -> 619.87003 | Q25: =$Q$22*$AF25 -> 658.89705 | R25: =$R$22*$AF25 -> 700.38121 | S25: =$S$22*$AF25 -> 744.47721 | T25: =$T$22*$AF25 -> 791.34949 | U25: =$U$22*$AF25 -> 841.17286 | V25: =$V$22*$AF25 -> 894.1331 | AF25: =AF9 -> 0.03
B26: Mar | C26: 0 | D26: =$D$22*$AF26 -> 758.20127 | E26: =$E$22*$AF26 -> 831.55725 | F26: =$F$22*$AF26 -> 892.45385 | G26: =$G$22*$AF26 -> 952.30537 | H26: =$H$22*$AF26 -> 1014.2243 | I26: =$I$22*$AF26 -> 1078.0798 | J26: =$J$22*$AF26 -> 1145.9557 | K26: =$K$22*$AF26 -> 1218.1051 | L26: =$L$22*$AF26 -> 1294.797 | M26: =$M$22*$AF26 -> 1376.3174 | N26: =$N$22*$AF26 -> 1462.9704 | O26: =$O$22*$AF26 -> 1555.079 | P26: =$P$22*$AF26 -> 1652.9868 | Q26: =$Q$22*$AF26 -> 1757.0588 | R26: =$R$22*$AF26 -> 1867.6832 | S26: =$S$22*$AF26 -> 1985.2726 | T26: =$T$22*$AF26 -> 2110.2653 | U26: =$U$22*$AF26 -> 2243.1276 | V26: =$V$22*$AF26 -> 2384.3549 | AF26: =AF10 -> 0.08
B27: Abr | C27: 0 | D27: =$D$22*$AF27 -> 796.11134 | E27: =$E$22*$AF27 -> 873.13511 | F27: =$F$22*$AF27 -> 937.07654 | G27: =$G$22*$AF27 -> 999.92064 | H27: =$H$22*$AF27 -> 1064.9355 | I27: =$I$22*$AF27 -> 1131.9838 | J27: =$J$22*$AF27 -> 1203.2535 | K27: =$K$22*$AF27 -> 1279.0104 | L27: =$L$22*$AF27 -> 1359.5369 | M27: =$M$22*$AF27 -> 1445.1333 | N27: =$N$22*$AF27 -> 1536.1189 | O27: =$O$22*$AF27 -> 1632.8329 | P27: =$P$22*$AF27 -> 1735.6361 | Q27: =$Q$22*$AF27 -> 1844.9117 | R27: =$R$22*$AF27 -> 1961.0674 | S27: =$S$22*$AF27 -> 2084.5362 | T27: =$T$22*$AF27 -> 2215.7786 | U27: =$U$22*$AF27 -> 2355.284 | V27: =$V$22*$AF27 -> 2503.5727 | AF27: =AF11 -> 0.084
B28: May | C28: 0 | D28: =$D$22*$AF28 -> 871.93146 | E28: =$E$22*$AF28 -> 956.29083 | F28: =$F$22*$AF28 -> 1026.3219 | G28: =$G$22*$AF28 -> 1095.1512 | H28: =$H$22*$AF28 -> 1166.3579 | I28: =$I$22*$AF28 -> 1239.7918 | J28: =$J$22*$AF28 -> 1317.8491 | K28: =$K$22*$AF28 -> 1400.8209 | L28: =$L$22*$AF28 -> 1489.0166 | M28: =$M$22*$AF28 -> 1582.765 | N28: =$N$22*$AF28 -> 1682.4159 | O28: =$O$22*$AF28 -> 1788.3408 | P28: =$P$22*$AF28 -> 1900.9348 | Q28: =$Q$22*$AF28 -> 2020.6176 | R28: =$R$22*$AF28 -> 2147.8357 | S28: =$S$22*$AF28 -> 2283.0634 | T28: =$T$22*$AF28 -> 2426.8051 | U28: =$U$22*$AF28 -> 2579.5968 | V28: =$V$22*$AF28 -> 2742.0082 | AF28: =AF12 -> 0.092
B29: Jun | C29: 0 | D29: =$D$22*$AF29 -> 852.97643 | E29: =$E$22*$AF29 -> 935.5019 | F29: =$F$22*$AF29 -> 1004.0106 | G29: =$G$22*$AF29 -> 1071.3435 | H29: =$H$22*$AF29 -> 1141.0023 | I29: =$I$22*$AF29 -> 1212.8398 | J29: =$J$22*$AF29 -> 1289.2002 | K29: =$K$22*$AF29 -> 1370.3682 | L29: =$L$22*$AF29 -> 1456.6466 | M29: =$M$22*$AF29 -> 1548.3571 | N29: =$N$22*$AF29 -> 1645.8417 | O29: =$O$22*$AF29 -> 1749.4639 | P29: =$P$22*$AF29 -> 1859.6101 | Q29: =$Q$22*$AF29 -> 1976.6912 | R29: =$R$22*$AF29 -> 2101.1436 | S29: =$S$22*$AF29 -> 2233.4316 | T29: =$T$22*$AF29 -> 2374.0485 | U29: =$U$22*$AF29 -> 2523.5186 | V29: =$V$22*$AF29 -> 2682.3993 | AF29: =AF13 -> 0.09
B30: Jul | C30: =$C$22*AE30 -> 374.79631 | D30: =$D$22*$AF30 -> 1042.5268 | E30: =$E$22*$AF30 -> 1143.3912 | F30: =$F$22*$AF30 -> 1227.124 | G30: =$G$22*$AF30 -> 1309.4199 | H30: =$H$22*$AF30 -> 1394.5584 | I30: =$I$22*$AF30 -> 1482.3598 | J30: =$J$22*$AF30 -> 1575.6891 | K30: =$K$22*$AF30 -> 1674.8945 | L30: =$L$22*$AF30 -> 1780.3459 | M30: =$M$22*$AF30 -> 1892.4365 | N30: =$N$22*$AF30 -> 2011.5843 | O30: =$O$22*$AF30 -> 2138.2336 | P30: =$P$22*$AF30 -> 2272.8568 | Q30: =$Q$22*$AF30 -> 2415.9559 | R30: =$R$22*$AF30 -> 2568.0644 | S30: =$S$22*$AF30 -> 2729.7498 | T30: =$T$22*$AF30 -> 2901.6148 | U30: =$U$22*$AF30 -> 3084.3005 | V30: =$V$22*$AF30 -> 3278.488 | AE30: =AE14 -> 0.045 | AF30: =AF14 -> 0.11
B31: Ago | C31: =$C$22*AE31 -> 1249.321 | D31: =$D$22*$AF31 -> 1089.9143 | E31: =$E$22*$AF31 -> 1195.3635 | F31: =$F$22*$AF31 -> 1282.9024 | G31: =$G$22*$AF31 -> 1368.939 | H31: =$H$22*$AF31 -> 1457.9474 | I31: =$I$22*$AF31 -> 1549.7398 | J31: =$J$22*$AF31 -> 1647.3114 | K31: =$K$22*$AF31 -> 1751.0261 | L31: =$L$22*$AF31 -> 1861.2707 | M31: =$M$22*$AF31 -> 1978.4563 | N31: =$N$22*$AF31 -> 2103.0199 | O31: =$O$22*$AF31 -> 2235.426 | P31: =$P$22*$AF31 -> 2376.1685 | Q31: =$Q$22*$AF31 -> 2525.772 | R31: =$R$22*$AF31 -> 2684.7946 | S31: =$S$22*$AF31 -> 2853.8293 | T31: =$T$22*$AF31 -> 3033.5064 | U31: =$U$22*$AF31 -> 3224.496 | V31: =$V$22*$AF31 -> 3427.5102 | AE31: =AE15 -> 0.15 | AF31: =AF15 -> 0.115
B32: Sep | C32: =$C$22*AE32 -> 1923.9544 | D32: =$D$22*$AF32 -> 1184.6895 | E32: =$E$22*$AF32 -> 1299.3082 | F32: =$F$22*$AF32 -> 1394.4591 | G32: =$G$22*$AF32 -> 1487.9771 | H32: =$H$22*$AF32 -> 1584.7254 | I32: =$I$22*$AF32 -> 1684.4997 | J32: =$J$22*$AF32 -> 1790.5558 | K32: =$K$22*$AF32 -> 1903.2892 | L32: =$L$22*$AF32 -> 2023.1203 | M32: =$M$22*$AF32 -> 2150.496 | N32: =$N$22*$AF32 -> 2285.8912 | O32: =$O$22*$AF32 -> 2429.8109 | P32: =$P$22*$AF32 -> 2582.7918 | Q32: =$Q$22*$AF32 -> 2745.4044 | R32: =$R$22*$AF32 -> 2918.255 | S32: =$S$22*$AF32 -> 3101.9884 | T32: =$T$22*$AF32 -> 3297.2896 | U32: =$U$22*$AF32 -> 3504.8869 | V32: =$V$22*$AF32 -> 3725.5546 | AE32: =AE16 -> 0.231 | AF32: =AF16 -> 0.125
B33: Oct | C33: =$C$22*AE33 -> 1998.9137 | D33: =$D$22*$AF33 -> 1165.7345 | E33: =$E$22*$AF33 -> 1278.5193 | F33: =$F$22*$AF33 -> 1372.1478 | G33: =$G$22*$AF33 -> 1464.1695 | H33: =$H$22*$AF33 -> 1559.3698 | I33: =$I$22*$AF33 -> 1657.5477 | J33: =$J$22*$AF33 -> 1761.9069 | K33: =$K$22*$AF33 -> 1872.8366 | L33: =$L$22*$AF33 -> 1990.7504 | M33: =$M$22*$AF33 -> 2116.088 | N33: =$N$22*$AF33 -> 2249.3169 | O33: =$O$22*$AF33 -> 2390.9339 | P33: =$P$22*$AF33 -> 2541.4671 | Q33: =$Q$22*$AF33 -> 2701.4779 | R33: =$R$22*$AF33 -> 2871.563 | S33: =$S$22*$AF33 -> 3052.3566 | T33: =$T$22*$AF33 -> 3244.5329 | U33: =$U$22*$AF33 -> 3448.8087 | V33: =$V$22*$AF33 -> 3665.9457 | AE33: =AE17 -> 0.24 | AF33: =AF17 -> 0.123
B34: Nov | C34: =$C$22*AE34 -> 1948.9408 | D34: =$D$22*$AF34 -> 862.45395 | E34: =$E$22*$AF34 -> 945.89637 | F34: =$F$22*$AF34 -> 1015.1663 | G34: =$G$22*$AF34 -> 1083.2474 | H34: =$H$22*$AF34 -> 1153.6801 | I34: =$I$22*$AF34 -> 1226.3158 | J34: =$J$22*$AF34 -> 1303.5246 | K34: =$K$22*$AF34 -> 1385.5946 | L34: =$L$22*$AF34 -> 1472.8316 | M34: =$M$22*$AF34 -> 1565.5611 | N34: =$N$22*$AF34 -> 1664.1288 | O34: =$O$22*$AF34 -> 1768.9023 | P34: =$P$22*$AF34 -> 1880.2724 | Q34: =$Q$22*$AF34 -> 1998.6544 | R34: =$R$22*$AF34 -> 2124.4897 | S34: =$S$22*$AF34 -> 2258.2475 | T34: =$T$22*$AF34 -> 2400.4268 | U34: =$U$22*$AF34 -> 2551.5577 | V34: =$V$22*$AF34 -> 2712.2037 | AE34: =AE18 -> 0.234 | AF34: =AF18 -> 0.091
B35: Dic | C35: =$C$22*AE35 -> 832.88069 | D35: =$D$22*$AF35 -> 454.92076 | E35: =$E$22*$AF35 -> 498.93435 | F35: =$F$22*$AF35 -> 535.47231 | G35: =$G$22*$AF35 -> 571.38322 | H35: =$H$22*$AF35 -> 608.53456 | I35: =$I$22*$AF35 -> 646.8479 | J35: =$J$22*$AF35 -> 687.57344 | K35: =$K$22*$AF35 -> 730.86306 | L35: =$L$22*$AF35 -> 776.8782 | M35: =$M$22*$AF35 -> 825.79045 | N35: =$N$22*$AF35 -> 877.78222 | O35: =$O$22*$AF35 -> 933.04739 | P35: =$P$22*$AF35 -> 991.79205 | Q35: =$Q$22*$AF35 -> 1054.2353 | R35: =$R$22*$AF35 -> 1120.6099 | S35: =$S$22*$AF35 -> 1191.1635 | T35: =$T$22*$AF35 -> 1266.1592 | U35: =$U$22*$AF35 -> 1345.8766 | V35: =$V$22*$AF35 -> 1430.613 | AE35: =AE19 -> 0.1 | AF35: =AF19 -> 0.048
B36: TOTAL COSTOS Y GASTOS | C36: =SUM(C24:C35) -> 8328.8069 | D36: =SUM(D24:D35) -> 9477.5159 | E36: =SUM(E24:E35) -> 10394.466 | F36: =SUM(F24:F35) -> 11155.673 | G36: =SUM(G24:G35) -> 11903.817 | H36: =SUM(H24:H35) -> 12677.803 | I36: =SUM(I24:I35) -> 13475.998 | J36: =SUM(J24:J35) -> 14324.447 | ... V36: =SUM(V24:V35) -> 29804.437 | AE36: =SUM(AE30:AE35) -> 1 | AF36: =SUM(AF24:AF35) -> 1
B38: UTILIDAD BRUTA | C38: =C20-C36 -> 402.14612 | D38: =D20-D36 -> 457.61011 | E38: =E20-E36 -> 501.88389 | F38: =F20-F36 -> 538.63785 | G38: =G20-G36 -> 574.76106 | H38: =H20-H36 -> 612.13203 | I38: =I20-I36 -> 650.67186 | J38: =J20-J36 -> 691.63816 | ... V38: =V20-V36 -> 1439.0703
